 Dungeon Crawl Stone Soup version 0.13.1-2-gfb2c2b7 (webtiles) character file.

339 Lilouch the Skirmisher (level 4, -12/34 HPs)
             Began as a Demonspawn Chaos Knight on Dec 8, 2013.
             Was a Plaything of Xom.
             Shot with an arrow by a centaur (17 damage)
             ... on Level 4 of the Dungeon.
             The game lasted 00:10:08 (3423 turns).

Lilouch the Skirmisher (Demonspawn Chaos Knight)    Turns: 3423, Time: 00:10:08

HP -12/34        AC  6     Str 14      XL: 4   Next: 93%
MP   4/4         EV 10     Int 13      God: Xom
Gold 206         SH  0     Dex 12      Spells:  0 memorised,  3 levels left

Res.Fire  : . . .   See Invis. : .   a - +0 spear (chaos) {=f}
Res.Cold  : . . .   Warding    : .   b - +2 leather armour
Life Prot.: . . .   Conserve   : .   (no shield)
Res.Poison: .       Res.Corr.  : .   (helmet restricted)
Res.Elec. : .       Clarity    : .   (no cloak)
Sust.Abil.: . .     Spirit.Shd : .   (no gloves)
Res.Mut.  : .       Stasis     : .   (no boots)
Res.Rott. : .       Flight     : .   (no amulet)
Saprovore : . . .                    (no ring)
                                     (no ring)

@: slightly resistant to hostile enchantments, very unstealthy
A: antennae 1, AC +1
a: Renounce Religion


You were on level 4 of the Dungeon.
You worshipped Xom.
You were a toy of Xom.
You were hungry.

You visited 1 branch of the dungeon, and saw 4 of its levels.

You collected 186 gold pieces.

Inventory:

Hand weapons
 a - a +0,+0 spear of chaos (weapon) {=f}
 r - a +2,+1 dwarven mace of protection
 x - a +0,+0 crossbow
Missiles
 i - 3 javelins (quivered)
 F - 20 bolts
Armour
 b - a +2 leather armour (worn)
 n - a +0 plate armour
 B - a +0 helmet
Comestibles
 c - 2 bread rations
 m - a cheese
 E - a meat ration
Scrolls
 e - a scroll of magic mapping {unknown}
 f - a scroll of curse armour {unknown}
 h - 6 scrolls of identify {unknown}
 j - a scroll of curse weapon {unknown}
 l - a scroll of enchant weapon II {unknown}
 o - 4 scrolls of remove curse {unknown}
 p - 2 scrolls of enchant weapon I {unknown}
 q - a scroll of random uselessness {unknown}
 s - 2 scrolls of teleportation {unknown}
 u - a scroll of enchant armour {unknown}
 y - a scroll of recharging {unknown}
 C - a scroll of amnesia {unknown}
Jewellery
 w - a cursed ring of hunger {unknown}
Potions
 d - 3 potions of curing {unknown}
 g - 3 potions of heal wounds {unknown}
 k - a potion of restore abilities {unknown}
 t - 3 potions of brilliance {unknown}
 z - a potion of poison {unknown}
 A - a potion of speed {unknown}
Books
 v - a book of Frost

   Spells                             Type                      Level
   Freeze                             Ice                          1
   Throw Frost                        Conjuration/Ice              2
   Ozocubu's Armour                   Charms/Ice                   3
   Throw Icicle                       Conjuration/Ice              4
   Summon Ice Beast                   Ice/Summoning                4
   Condensation Shield                Ice                          4


   Skills:
 + Level 3.8 Fighting
 + Level 3.7 Polearms
 * Level 3.2 Armour
 - Level 0.8 Dodging


You had 3 spell levels left.
You didn't know any spells.

Dungeon Overview and Level Annotations

Branches:
Dungeon (4/27)
 Temple: D:4-7

Altars:
Fedhas

Annotations:
D:3 Grinder


Innate Abilities, Weirdness & Mutations

You have a pair of small antennae on your head.
You are partially covered in molten scales (AC +1).


Message History

The centaur wields a bow.
The centaur shoots an arrow.
The arrow misses you.
The centaur shoots an arrow.
The arrow misses you.
The centaur shoots an arrow.
The arrow misses you.
It hits the bush but does no damage.
It hits the bush but does no damage.
Something hits the bush.
The centaur hits the bush.
The centaur wields a bow.
The centaur shoots an arrow.
The arrow hits you!
* * * LOW HITPOINT WARNING * * *
You see here 2 arrows.
The centaur shoots an arrow.
The arrow misses you.
Things that are here:
a hobgoblin corpse; 4 arrows You start resting.
The centaur wields a bow.
The centaur shoots an arrow.
The arrow hits you!
* * * LOW HITPOINT WARNING * * *
A centaur is nearby!
The centaur shoots an arrow.
The arrow hits you!
Ouch! That really hurt!
You die...
Xom is highly amused! . ..# .PPP.# #P.P.P.# #PPcPP.#

#.PPPP.# #..PP..#####
#.......(..#.#
##################c###..(.(.#.##.
................@%(..............
........##########.###..(...#.##.
........# #.# #...........
........# #.# #......#.##.
........# #.# #......#.#
........# #.# #......#.##.
........# #.# #.....).....
........# #.# #######.....
#######)#### #.# #.....


You could see a centaur.

Vanquished Creatures
  7 adders
  A giant eyeball (D:4)
  2 ball pythons
  4 giant cockroaches
  5 hobgoblins
  7 jackals
  10 kobolds
  A quokka (D:4)
  5 bats
  3 giant geckos
  3 giant newts
  8 goblins
  A goblin zombie (D:4)
  11 rats
68 creatures vanquished.

Vanquished Creatures (others)
  A ball python zombie (D:4)
  A bush (D:4)
2 creatures vanquished.

Grand Total: 70 creatures vanquished

Notes
Turn   | Place    | Note
--------------------------------------------------------------
     0 | D:1      | Lilouch, the Demonspawn Chaos Knight, began the quest for the Orb.
     0 | D:1      | Reached XP level 1. HP: 16/16 MP: 1/1
   360 | D:1      | Gained mutation: You have a pair of small antennae on your head. [demonic ancestry]
   360 | D:1      | Reached XP level 2. HP: 15/22 MP: 2/2
   950 | D:1      | XOM: divination: detect creatures
  1102 | D:2      | Reached XP level 3. HP: 28/28 MP: 3/3
  1276 | D:2      | XOM: harmless Pois miscast
  1833 | D:2      | Gained mutation: You are partially covered in molten scales (AC +1). [demonic ancestry]
  1833 | D:2      | Reached XP level 4. HP: 26/34 MP: 4/4
  2140 | D:2      | You fall through a shaft!
  2296 | D:3      | XOM: divination: detect creatures
  2435 | D:3      | XOM: silly message
  2437 | D:3      | Noticed Grinder
  2447 | D:3      | XOM: 6-stop teleportation journey
  2696 | D:3      | XOM: medium Tloc miscast
  2879 | D:3      | XOM: divination: detect items
  2881 | D:3      | XOM: divination: magic mapping
  3119 | D:4      | XOM: mild Ice miscast
  3205 | D:4      | Found a blossoming altar of Fedhas.
  3205 | D:4      | Noticed a centaur
  3310 | D:4      | XOM: harmless Erth miscast
  3423 | D:4      | Shot with an arrow by a centaur

Action                   |  1- 3 |  4- 6 || total
-------------------------+-------+-------++-------
Melee: Spear             |    31 |    58 ||    89
       Mace              |   129 |    69 ||   198
